Zazza, neutral female human Tourist .. ---... ....|^... .........- -------........------- |....................-- |..|.-------.....--...- -- ---|...--- |............ --.-- |--..<# |........... ....|---- |.|..)|#--#.--...... ....--..| |.....--##-#-##...Gf. ........| |-....*| # |...h.. ...---.-- ---.....-- --.@... .- --- |.....--- --.... |....-- --.. |...-- . --..| ---- Zazza the Rambler Experience level: 1 Strength: 12 Dexterity: 10 Constitution: 18 Intelligence: 11 Wisdom: 11 Charisma: 14 Health: 0(10) Energy: 2(2) Def: 0 Gold: 1979 Moves: 1061 Dungeon seed: Rp2TI7qfREIm11Iu Game ID: Zazza_1601573139 Your Inventory: Coins $ - 1979 gold pieces Weapons a - 38 +2 darts (in quiver) v - 10 +0 arrows y - a +0 aklys B - a +0 aklys D - a +2 bow Armor n - a blessed +0 Hawaiian shirt q - an uncursed +0 dwarvish cloak N - a blessed +0 pair of iron shoes Comestibles b - 7 uncursed food rations c - 4 uncursed eggs d - an uncursed cram ration l - 3 uncursed melons p - an uncursed slime mold Scrolls f - 4 uncursed scrolls of magic mapping s - an uncursed scroll of create monster Spellbooks t - an uncursed spellbook of light z - an uncursed spellbook of confuse monster Potions e - 2 uncursed potions of extra healing Rings m - a cursed ring of teleportation (on left hand) Tools g - an expensive camera (0:88) h - an uncursed credit card i - a magic marker (0:94) k - an uncursed blindfold o - an uncursed tin whistle x - 8 uncursed partly used tallow candles (lit) (0:122) A - an uncursed tallow candle (0:200) C - a +0 pick-axe Gems r - an uncursed worthless piece of orange glass Y - 2 uncursed worthless pieces of black glass Spells and supernatural/magical abilities: Name Level Category Fail Memory l - light 1 divination 30% 98% u - confuse monster 2 enchantment 100% 100% W - pray for help -- divine ? -- Your skills at the end: Fighting Skills Weapon Skills dart [Basic] Spellcasting Skills Final Attributes: You were nominally aligned. You could teleport. You were lucky. You are dead. Vanquished creatures: a shrieker a dwarf a hobbit 7 gnomes a gecko a fox 3 sewer rats 2 grid bugs 2 lichens 6 newts 25 creatures vanquished. Genocided species: doppelgangers 1 species genocided. Voluntary challenges: You were an atheist. You never hit with a wielded weapon. You read items or engraved 4 times, starting on turn 64. You genocided 1 type of monster, starting on turn 64. You never polymorphed an object. You never changed form. You used no wishes. You never split a pudding. You never wrote Elbereth's name. You never violated your personal moral code. Dungeon overview: The Dungeons of Doom: levels 1 to 3 Level 1 a long staircase Level 2 Level 3 stairs to The Gnomish Mines The Gnomish Mines: Level 4 <- You were here stairs to The Dungeons of Doom History has recorded: On T:1 you entered the Dungeons of Doom to retrieve the Amulet of Yendor! On T:349 you reached level 2 of The Dungeons of Doom. On T:585 you reached level 3 of The Dungeons of Doom. On T:914 you reached level 1 of The Gnomish Mines. Score breakdown: Gold: 1301 (10594 points) Experience: 1 level ( 0 points) Exploration: 4 levels ( 7.69%) ( 7276 points) Discoveries: 4 items ( 1.34%) ( 3475 points) Valuables value: (no points given unless you survive) Artifact value: 0 ( 0 points) Variety of kills: 10 monsters ( 2.62%) ( 4860 points) Turncount: 1061 turns ( 0 points) Survival: died (score multiplied by 80%) Total score: 20964 Latest messages: You see here a candle. A - a candle. You are still in a pit. You hear some noises. You crawl to the edge of the pit. You displace Armand. The gnome shoots an arrow! The arrow hits the dwarf! You hear some noises in the distance. You hear a distant squeak. You see here a thonged club. B - a thonged club. There are a few objects here. q - a hooded cloak. N - a pair of hard shoes. C - a pick-axe. Y - 2 black gems. There are a few objects here. v - 9 arrows. D - a bow. You hear some noises in the distance. The dwarf swings his pick-axe. The dwarf hits! You die... Final status: Aloha Zazza the Tourist, killed by a dwarf... You died in The Gnomish Mines on dungeon level 4 with 20964 points, and 1979 pieces of gold, after 1061 moves. You were level 1 with a maximum of 10 hit points when you died.